MLB
WASHINGTON NATIONALS @ BALTIMORE ORIOLES
03/19/2024
 
TOP OF THE 1ST
Washington Nationals batting - Pitching for Baltimore Orioles : RHP Sixto Sanchez
Pitching: RHP Sixto Sanchez
Batting: RHB Victor Robles 0-0: Foul Ball, location: 7LDF
0-1: Fly out, F6 (Popup, 6, EV 58.1 MPH)
Batting: LHB Sal Frelick 0-0: Ball
1-0: Ball
2-0: Foul Ball, location: 7LSF
2-1: Ball
3-1: Ground out 6-3 (Groundball, 4MD, EV 98.8 MPH)
Batting: RHB Rymer Liriano 0-0: Called Strike
0-1: SINGLE (Line Drive, 6D, EV 98.1 MPH)
Batting: LHB Loren Rogers 0-0: Ball
1-0: Swinging Strike
1-1: 2-RUN HOME RUN (Flyball, 78XD, EV 98.8 MPH), Distance : 381 ft
Batting: RHB Gabriel Moreno 0-0: Called Strike
0-1: Called Strike
0-2: Ball
1-2: Foul Ball, location: 2F
1-2: Foul Ball, location: 5F
1-2: Ball
2-2: Foul Ball, location: 25F
2-2: Foul Ball, location: 25F
2-2: Foul Ball, location: 23FF
2-2: Foul Ball, location: 9LSF
2-2: Ball
3-2: Strikes out swinging
Top of the 1st over - 2 runs, 2 hits, 0 errors, 0 left on base; Washington 2 - Baltimore 0
BOTTOM OF THE 1ST
Baltimore Orioles batting - Pitching for Washington Nationals : LHP Reid Detmers
Pitching: LHP Reid Detmers
Batting: LHB Tyson Detmer 0-0: Ball
1-0: Ball
2-0: Swinging Strike
2-1: Ball
3-1: Base on Balls
Batting: RHB Anthony Volpe 0-0: Ball
1-0: Ball
2-0: Fly out, F7 (Flyball, 7D, EV 104.4 MPH)
Batting: LHB Hunter Bishop 0-0: Foul Ball, location: 2F
0-1: Called Strike
0-2: Foul Ball, location: 9LDF
0-2: Hit by Pitch
Tyson Detmer to second
Batting: LHB Dave Tatum 0-0: Ball
1-0: Ball
2-0: Ball
3-0: Called Strike
3-1: Foul Ball, location: 2F
3-2: Base on Balls
Tyson Detmer to third
Hunter Bishop to second
Batting: RHB Evan Longoria 0-0: Ball
1-0: Ball
2-0: Called Strike
2-1: Ball
3-1: Base on Balls
Tyson Detmer scores
Hunter Bishop to third
Dave Tatum to second
Batting: LHB Luis Arraez 0-0: Called Strike
0-1: DOUBLE (Line Drive, 78XD, EV 110.6 MPH)
Hunter Bishop scores
Dave Tatum scores
Evan Longoria to third
Runner from 3rd tries for Home, SAFE, throw by CF to home
Batting: RHB Josh Jung 0-0: Ball
1-0: Ball
2-0: Called Strike
2-1: Foul Ball, location: 5F
2-2: Strikes out swinging
Batting: RHB Alfredo Morales 0-0: Called Strike
0-1: Called Strike
0-2: Strikes out swinging
Bottom of the 1st over - 4 runs, 1 hit, 0 errors, 1 left on base; Washington 2 - Baltimore 4
TOP OF THE 2ND
Washington Nationals batting - Pitching for Baltimore Orioles : RHP Sixto Sanchez
Batting: LHB Candon Myles 0-0: Called Strike
0-1: SINGLE (Line Drive, 34, EV 106.3 MPH)
Batting: RHB Augusto Candelalia 0-0: Called Strike
0-1: Foul Ball, location: 3DF
0-2: Ball
1-2: Foul Ball, location: 5F
1-2: 2-RUN HOME RUN (Flyball, 7D, EV 92.5 MPH), Distance : 355 ft
Batting: RHB Mathew Ryan 0-0: Called Strike
0-1: SOLO HOME RUN (Flyball, 7D, EV 97.5 MPH), Distance : 367 ft
Batting: RHB Preston Carver 0-0: Ball
1-0: Ball
2-0: Ball
3-0: Base on Balls
Batting: RHB Victor Robles 0-0: Fielders Choice at 2nd, 1-6 (Groundball, 13S, EV 68.8 MPH)
Batting: LHB Sal Frelick 0-0: Called Strike
0-1: Called Strike
0-2: Strikes out looking
Batting: RHB Rymer Liriano 0-0: Ball
Victor Robles steals 2nd base
1-0: Ball
2-0: Ground out 6-3 (Groundball, 6M, EV 107.5 MPH)
Top of the 2nd over - 3 runs, 3 hits, 0 errors, 1 left on base; Washington 5 - Baltimore 4
BOTTOM OF THE 2ND
Baltimore Orioles batting - Pitching for Washington Nationals : LHP Reid Detmers
Batting: RHB Patrick Belfour 0-0: Foul Ball, location: 3F
0-1: Foul Ball, location: 2F
0-2: Foul Ball, location: 2F
0-2: Ground out 5-3 (Groundball, 15, EV 83.8 MPH)
Batting: LHB Tyson Detmer 0-0: Swinging Strike
0-1: Foul Ball, location: 2F
0-2: Ball
1-2: Foul Ball, location: 3SF
1-2: SINGLE (Line Drive, 6D, EV 96.3 MPH)
Batting: RHB Anthony Volpe 0-0: Swinging Strike
0-1: Swinging Strike
0-2: Strikes out swinging
Batting: LHB Hunter Bishop 0-0: Ball
1-0: Ball
2-0: Ball
3-0: Base on Balls
Tyson Detmer to second
Batting: LHB Dave Tatum 0-0: Ball
1-0: Ball
2-0: Ball
3-0: Base on Balls
Tyson Detmer to third
Hunter Bishop to second
Batting: RHB Evan Longoria 0-0: Ball
1-0: Foul Ball, location: 9LSF
1-1: Ball
2-1: Fielders Choice at 2nd, 5-4 (Groundball, 56, EV 83.8 MPH)
Bottom of the 2nd over - 0 runs, 1 hit, 0 errors, 3 left on base; Washington 5 - Baltimore 4
TOP OF THE 3RD
Washington Nationals batting - Pitching for Baltimore Orioles : RHP Sixto Sanchez
Batting: LHB Loren Rogers 0-0: Ball
1-0: Ball
2-0: Called Strike
2-1: Swinging Strike
2-2: Strikes out swinging
Batting: RHB Gabriel Moreno 0-0: Ground out 1-3 (Groundball, 23, EV 66.3 MPH)
Batting: LHB Candon Myles 0-0: Swinging Strike
0-1: Foul Ball, location: 7LDF
0-2: Ball
1-2: Ball
2-2: Hit by Pitch
Pitching: RHP Jahari Wallace
Batting: RHB Augusto Candelalia 0-0: Ball
1-0: Swinging Strike
1-1: Swinging Strike
1-2: Strikes out swinging
Top of the 3rd over - 0 runs, 0 hits, 0 errors, 1 left on base; Washington 5 - Baltimore 4
BOTTOM OF THE 3RD
Baltimore Orioles batting - Pitching for Washington Nationals : LHP Reid Detmers
Batting: LHB Luis Arraez 0-0: Called Strike
0-1: Ball
1-1: Ball
2-1: Ground out U3 (Groundball, 3, EV 105.0 MPH)
Batting: RHB Josh Jung 0-0: Swinging Strike
0-1: SOLO HOME RUN (Flyball, 9D, EV 100.0 MPH), Distance : 377 ft
Pitching: RHP Carl Deer
Batting: RHB Alfredo Morales 0-0: Ball
1-0: Fly out, F7 (Flyball, 78M, EV 101.3 MPH)
Batting: RHB Patrick Belfour 0-0: Called Strike
0-1: Ball
1-1: Swinging Strike
1-2: Ball
2-2: Strikes out swinging
Bottom of the 3rd over - 1 run, 1 hit, 0 errors, 0 left on base; Washington 5 - Baltimore 5
TOP OF THE 4TH
Washington Nationals batting - Pitching for Baltimore Orioles : RHP Jahari Wallace
Batting: RHB Mathew Ryan 0-0: SINGLE (Groundball, 6MD, EV 94.4 MPH)
Batting: RHB Preston Carver 0-0: Called Strike
0-1: Foul Ball, location: 3F
0-2: Foul Ball, location: 2F
0-2: Strikes out swinging
Mathew Ryan steals 2nd base (no throw)
Batter strikes out.
Batting: RHB Victor Robles 0-0: Ball
1-0: SINGLE (Line Drive, 8RS, EV 106.3 MPH)
Mathew Ryan to third
Runner from 3rd tries for Home, SAFE, throw by CF to home
Victor Robles to second
Pinch Hitting: LHB Russell Nicholas 0-0: Ball
1-0: Called Strike
1-1: SINGLE (Groundball, 6MD, EV 93.8 MPH)
Victor Robles to third
Batting: RHB Rymer Liriano 0-0: Ball
1-0: SINGLE (Groundball, 4MD, EV 97.5 MPH)
Victor Robles scores
Russell Nicholas to second
Batting: LHB Loren Rogers 0-0: Foul Ball, location: 5SF
0-1: Swinging Strike
0-2: Strikes out swinging
Batting: RHB Gabriel Moreno 0-0: Called Strike
0-1: DOUBLE (Flyball, 78D, EV 96.3 MPH)
Russell Nicholas scores
Rymer Liriano to third
Runner from 3rd tries for Home, SAFE, no throw by CF
Pitching: RHP Steve Badger
Batting: SHB Matthew Grace 0-0: Called Strike
0-1: Foul Ball, location: 2F
0-2: Ball
1-2: Strikes out swinging
Top of the 4th over - 4 runs, 5 hits, 0 errors, 1 left on base; Washington 9 - Baltimore 5
BOTTOM OF THE 4TH
Baltimore Orioles batting - Pitching for Washington Nationals : RHP Carl Deer
Now in LF: Russell Nicholas
Batting: LHB Tyson Detmer 0-0: Foul Ball, location: 2LF
0-1: Swinging Strike
0-2: Fly out, F9 (Flyball, 9LD, EV 95.0 MPH)
Batting: RHB Anthony Volpe 0-0: Called Strike
0-1: Swinging Strike
0-2: Strikes out swinging
Batting: LHB Hunter Bishop 0-0: Fly out, F8 (Line Drive, 8RM, EV 85.0 MPH)
Bottom of the 4th over - 0 runs, 0 hits, 0 errors, 0 left on base; Washington 9 - Baltimore 5
TOP OF THE 5TH
Washington Nationals batting - Pitching for Baltimore Orioles : RHP Steve Badger
Pitching: RHP Max Allen
Now at 2B: Nolan Gorman
Now in LF: Kameron Misner
Now in CF: Julio Rodriguez
Batting: RHB Augusto Candelalia 0-0: Called Strike
0-1: Fly out, F9 (Flyball, 89XD, EV 86.3 MPH)
Pinch Hitting: SHB C.J. Hinojosa 0-0: Ball
1-0: Ball
2-0: Foul Ball, location: 7LDF
2-1: Ball
3-1: Swinging Strike
3-2: Strikes out looking
Batting: RHB Preston Carver 0-0: Swinging Strike
0-1: Ball
1-1: Foul Ball, location: 5F
1-2: Ball
2-2: Hit by Pitch
Batting: RHB Victor Robles 0-0: Ground out 4-3 (Groundball, 34, EV 83.1 MPH)
Top of the 5th over - 0 runs, 0 hits, 0 errors, 1 left on base; Washington 9 - Baltimore 5
BOTTOM OF THE 5TH
Baltimore Orioles batting - Pitching for Washington Nationals : RHP Carl Deer
Now at C: Randy Deal
Now at 1B: T.J. Snow
Now at 3B: C.J. Hinojosa
Batting: SHB Bryan Leach 0-0: Ball
1-0: Ball
2-0: Foul Ball, location: 3DF
2-1: Called Strike
2-2: Foul Ball, location: 23F
2-2: Foul Ball, location: 7LDF
2-2: SOLO HOME RUN (Flyball, 7D, EV 94.4 MPH), Distance : 352 ft
Batting: RHB Evan Longoria 0-0: Ball
1-0: Foul Ball, location: 2F
1-1: Ball
2-1: Called Strike
2-2: Strikes out looking
Pitching: RHP Donald Austin
Batting: LHB Nolan Gorman 0-0: Ball
1-0: Foul Ball, location: 7LSF
1-1: Ball
2-1: Swinging Strike
2-2: Foul Ball, location: 2F
2-2: Strikes out swinging
Batting: RHB Josh Jung 0-0: Foul Ball, location: 5FF
0-1: Swinging Strike
0-2: Strikes out looking
Bottom of the 5th over - 1 run, 1 hit, 0 errors, 0 left on base; Washington 9 - Baltimore 6
TOP OF THE 6TH
Washington Nationals batting - Pitching for Baltimore Orioles : RHP Max Allen
Pitching: LHP Alex Early
Now at 1B: Spencer Brickhouse
Now in RF: Seuly Matias
Batting: LHB Russell Nicholas 0-0: Ball
1-0: Ball
2-0: Fly out, F8 (Flyball, 8RS, EV 97.5 MPH)
Batting: RHB Rymer Liriano 0-0: Swinging Strike
0-1: Ball
1-1: Fly out, F9 (Flyball, 89M, EV 92.5 MPH)
Batting: RHB T.J. Snow 0-0: Ball
1-0: Called Strike
1-1: Called Strike
1-2: Ball
2-2: Strikes out swinging
Top of the 6th over - 0 runs, 0 hits, 0 errors, 0 left on base; Washington 9 - Baltimore 6
BOTTOM OF THE 6TH
Baltimore Orioles batting - Pitching for Washington Nationals : RHP Donald Austin
Batting: RHB Seuly Matias 0-0: Called Strike
0-1: Called Strike
0-2: Ground out U3 (Groundball, 34, EV 85.0 MPH)
Batting: RHB Patrick Belfour 0-0: Ball
1-0: Ball
2-0: Called Strike
2-1: Foul Ball, location: 2F
2-2: Ball
3-2: Foul Ball, location: 2F
3-2: Strikes out swinging
Batting: RHB Julio Rodriguez 0-0: Called Strike
0-1: Foul Ball, location: 7LSF
0-2: SINGLE (Groundball, 56S, EV 63.1 MPH) (infield hit)
Pitching: LHP Brendon Little
Batting: RHB Anthony Volpe 0-0: Ball
1-0: Ball
2-0: SINGLE (Line Drive, 8LS, EV 104.4 MPH)
Julio Rodriguez to second
Runner from 2nd tries for 3rd, SAFE, no throw by CF
Batting: LHB Kameron Misner 0-0: Ball
1-0: Called Strike
1-1: Called Strike
1-2: Ball
2-2: Strikes out looking
Bottom of the 6th over - 0 runs, 2 hits, 0 errors, 2 left on base; Washington 9 - Baltimore 6
TOP OF THE 7TH
Washington Nationals batting - Pitching for Baltimore Orioles : LHP Alex Early
Pitching: RHP Mike Clements
Now at C: Raúl González
Batting: SHB Randy Deal 0-0: Called Strike
0-1: Ball
1-1: Ball
2-1: Fly out, F9 (Flyball, 9LMF, EV 78.1 MPH)
Batting: SHB Matthew Grace 0-0: Foul Ball, location: 5F
0-1: Swinging Strike
0-2: Ball
1-2: Strikes out looking
Batting: RHB Augusto Candelalia 0-0: Ground out 1-3 (Groundball, 15S, EV 69.4 MPH)
Top of the 7th over - 0 runs, 0 hits, 0 errors, 0 left on base; Washington 9 - Baltimore 6
BOTTOM OF THE 7TH
Baltimore Orioles batting - Pitching for Washington Nationals : LHP Brendon Little
Pitching: LHP Nick Rush
Batting: SHB Bryan Leach 0-0: Foul Ball, location: 5F
0-1: Foul Ball, location: 5FF
0-2: Strikes out swinging
Batting: RHB Evan Longoria 0-0: Ball
1-0: Ball
2-0: DOUBLE (Line Drive, 9LM, EV 101.3 MPH)
Batting: LHB Nolan Gorman 0-0: Ball
1-0: Ball
2-0: Ball
3-0: Foul Ball, location: 2F
3-1: Swinging Strike
3-2: 2-RUN HOME RUN (Line Drive, 78XD, EV 97.5 MPH), Distance : 403 ft
Pinch Hitting: RHB John Feitelberg 0-0: Ball
1-0: Called Strike
1-1: Ball
2-1: Ball
3-1: Base on Balls
Batting: RHB Seuly Matias 0-0: Foul Ball, location: 2F
0-1: Ball
1-1: Called Strike
1-2: Ball
2-2: Strikes out swinging
Pitching: RHP Jake Irvin
Batting: RHB Raúl González 0-0: Fly out, F8 (Flyball, 8RD, EV 90.0 MPH)
Bottom of the 7th over - 2 runs, 2 hits, 0 errors, 1 left on base; Washington 9 - Baltimore 8
TOP OF THE 8TH
Washington Nationals batting - Pitching for Baltimore Orioles : RHP Mike Clements
Pitching: RHP Cole Thompson
Now at 1B: Grant Gunnell
Batting: SHB C.J. Hinojosa 0-0: Ball
1-0: Ball
2-0: Called Strike
2-1: SINGLE (Line Drive, 34, EV 94.4 MPH)
Batting: RHB Preston Carver 0-0: Fly out, F9 (Flyball, 89S, EV 71.9 MPH)
Batting: RHB Victor Robles 0-0: Ball
1-0: Called Strike
1-1: Fly out, F9 (Flyball, 9LSF, EV 85.0 MPH)
Pitching: LHP Javier Mejía
Batting: LHB Russell Nicholas 0-0: Swinging Strike
0-1: Ball
1-1: Ball
2-1: Called Strike
2-2: Strikes out swinging
Top of the 8th over - 0 runs, 1 hit, 0 errors, 1 left on base; Washington 9 - Baltimore 8
BOTTOM OF THE 8TH
Baltimore Orioles batting - Pitching for Washington Nationals : RHP Jake Irvin
Batting: RHB Julio Rodriguez 0-0: Ball
1-0: Fly out, F7 (Flyball, 7LS, EV 96.3 MPH)
Batting: RHB Anthony Volpe 0-0: Ball
1-0: Swinging Strike
1-1: Ball
2-1: Fly out, F7 (Flyball, 7, EV 91.9 MPH)
Batting: LHB Kameron Misner 0-0: Ball
1-0: Swinging Strike
1-1: Swinging Strike
1-2: Foul Ball, location: 3F
1-2: Fly out, F2 (Popup, 5SF, EV 66.9 MPH)
Bottom of the 8th over - 0 runs, 0 hits, 0 errors, 0 left on base; Washington 9 - Baltimore 8
TOP OF THE 9TH
Washington Nationals batting - Pitching for Baltimore Orioles : LHP Javier Mejía
Pitching: RHP Gregory Santos
Batting: RHB Rymer Liriano 0-0: Ball
1-0: Ball
2-0: Called Strike
2-1: Ball
3-1: Foul Ball, location: 3DF
3-2: Foul Ball, location: 23FF
3-2: Fly out, F6 (Popup, 6MS, EV 81.9 MPH)
Batting: RHB T.J. Snow 0-0: Called Strike
0-1: Fly out, F8 (Flyball, 8RD, EV 103.1 MPH)
Batting: SHB Randy Deal 0-0: Called Strike
0-1: SINGLE (Line Drive, 5L, EV 102.5 MPH)
Batting: SHB Matthew Grace 0-0: Called Strike
0-1: Ball
1-1: Ground out 5-3 (Groundball, 56S, EV 83.8 MPH)
Top of the 9th over - 0 runs, 1 hit, 0 errors, 1 left on base; Washington 9 - Baltimore 8
BOTTOM OF THE 9TH
Baltimore Orioles batting - Pitching for Washington Nationals : RHP Jake Irvin
Pitching: RHP Drake Fellows
Batting: LHB Van Beasley 0-0: Ball
1-0: Foul Ball, location: 2F
1-1: Called Strike
1-2: Ball
2-2: SINGLE (Flyball, 34D, EV 89.4 MPH)
Batting: RHB Evan Longoria 0-0: Foul Ball, location: 5FF
0-1: Fly out, F3 (Popup, 23F, EV 81.3 MPH)
Batting: LHB Nolan Gorman 0-0: Called Strike
0-1: Ball
1-1: Foul Ball, location: 2RF
1-2: Ball
2-2: Ball
3-2: Strikes out swinging
Batting: RHB Grant Gunnell 0-0: Ball
1-0: Fly out, F7 (Flyball, 7D, EV 90.6 MPH)
Bottom of the 9th over - 0 runs, 1 hit, 0 errors, 1 left on base; Washington 9 - Baltimore 8
Wednesday, March 27th , 2024 - OOTP Baseball 24.11 Build 85